 Dungeon Crawl Stone Soup version 0.26.1-2-gb8aa6d0cf2 (webtiles) character file.

Game seed: 2982152169590820754

99 Gadfly the Skirmisher (level 4, 0/35 HPs)
             Began as a Demonspawn Monk on Feb 11, 2021.
             Slain by Grinder (6 damage)
             ... on level 3 of the Dungeon.
             The game lasted 00:04:46 (2943 turns).

Gadfly the Skirmisher (Demonspawn Monk)             Turns: 2943, Time: 00:04:47

Health: 0/35       AC:  9    Str: 11 (12) XL:     4   Next: 45%
Magic:  6/6        EV:  5    Int: 10 (12) God:
Gold:   191        SH:  0    Dex: 12 (15) Spells: 3/3 levels left

rFire    . . .     SeeInvis .   a - +0 war axe
rCold    . . .     Faith    .   (no shield)
rNeg     . . .     Spirit   .   e - +1 chain mail
rPois    .         Reflect  .   (no helmet)
rElec    .         Harm     .   (no cloak)
rCorr    .         Rampage  .   (no gloves)
Will     +....                  (no boots)
Stlth    ..........             (no amulet)
HPRegen  0.11/turn              f - ring of willpower
MPRegen  0.10/turn              (no ring)

@: brilliant, flying
A: powered by pain 1, miasma immunity
a: no special abilities


You were on level 3 of the Dungeon.
You visited 1 branch of the dungeon, and saw 3 of its levels.

You collected 191 gold pieces.

Inventory:

Hand Weapons
 a - a +0 war axe (weapon)
Armour
 e - a +1 chain mail (worn)
Jewellery
 f - a ring of willpower (left hand)
Scrolls
 c - a scroll of teleportation
 l - 2 scrolls of remove curse


   Skills:
 - Level 3.0 Fighting
 + Level 3.0 Axes
 * Level 1.5 Armour
 - Level 2.6 Dodging
 - Level 1.7 Stealth
 * Level 2.9 Invocations
 * Level 2.1 Evocations


You had 3 spell levels left.
You didn't know any spells.
Your spell library was empty.

Dungeon Overview and Level Annotations

Branches:
Dungeon (3/15)

Altars:
Xom

Annotations:
D:3 Grinder


Innate Abilities, Weirdness & Mutations

You sometimes gain a little power by taking damage.
You are immune to miasma.


Message History

Okay, then.
Grinder hits you.
You writhe in agony.
You slash Grinder!
Grinder is moderately wounded.
Grinder hits you but does no damage.
You closely miss Grinder.
Grinder is moderately wounded.
Grinder hits you.
You writhe in agony.
* * * LOW HITPOINT WARNING * * *
You hit Grinder.
Grinder is heavily wounded.
Grinder gestures at you. You resist with some effort. Grinder gestures at you.
Pain shoots through your body!
* * * LOW HITPOINT WARNING * * *
You closely miss Grinder.
Grinder is heavily wounded.
Grinder hits you.
You die...

########### ##########
#.........#####...##...#
#.......................
#.......................
#.......................
#......5................
#......@................
.......†..#####......... .
..........######....)...
.........?................
.........................
#.####..................
#...............##......
+.......................
#................#......


You could see Grinder.

Vanquished Creatures
  An orc wizard (D:3)
  An adder (D:3)
  3 worms
  5 dart slugs
  A leopard gecko (D:2)
  3 orcs (D:3)
  5 bats
  4 giant cockroaches
  6 goblins
  2 hobgoblins (D:1)
  4 jackals (D:1)
  A ball python (D:1)
  4 frilled lizards
  4 kobolds
  7 rats
51 creatures vanquished.

Notes
Turn   | Place    | Note
-------+----------+-------------------------------------------
     0 | D:1      | Gadfly the Demonspawn Monk began the quest for the Orb.
     0 | D:1      | Reached XP level 1. HP: 18/18 MP: 1/1
    88 | D:1      | Reached skill level 1 in Invocations
    95 | D:1      | Gained mutation: You are immune to miasma. [demonic
                  | ancestry]
    95 | D:1      | Reached XP level 2. HP: 14/24 MP: 2/2
   525 | D:1      | Reached skill level 1 in Evocations
  1176 | D:1      | Gained mutation: You sometimes gain a little power by
                  | taking damage. [demonic ancestry]
  1176 | D:1      | Reached XP level 3. HP: 28/29 MP: 4/4
  1289 | D:1      | Reached skill level 1 in Armour
  2422 | D:3      | Reached XP level 4. HP: 20/35 MP: 5/5
  2679 | D:3      | Found a shimmering altar of Xom.
  2919 | D:3      | Noticed Grinder
  2943 | D:3      | Slain by Grinder

Illustrated notes

Levels and vault maps discovered:
D:1:      dpeg_arrival_boxes_within_box, layout_basic
D:2:      layout_basic
D:3:      layout_basic, xom_teletrap_fun, uniq_grinder

Skill      XL: |  1  2  3  4 |
---------------+-------------+-----
Invocations    | 1 2 |  2.9
Evocations     | 1 2 |  2.1
Armour         | 1 |  1.5
Axes           | 3 |  3.0
Fighting       | |  3.0
Dodging        | |  2.6
Stealth        | |  1.7

Action                   |  1- 3 |  4- 6 || total
-------------------------+-------+-------++-------
Melee: Hand axe          |   164 |     4 ||   168
       War axe           |       |    34 ||    34
  Use: Scroll            |     7 |       ||     7
       Potion            |     2 |     3 ||     5
Armor: Robe              |    14 |       ||    14
       Chain mail        |   110 |    19 ||   129
Dodge: Dodged            |    71 |     8 ||    79
